 Dungeon Crawl Stone Soup version 0.28-a0-1594-ga885d4b3d6 (webtiles) character file.

Game seed: 2709197367624464966

15 psuckher the Sneak (level 2, -1/22 HPs)
             Began as a Demonspawn Brigand on Jan 20, 2022.
             Slain by an adder (3 damage)
             ... on level 2 of the Dungeon.
             The game lasted 00:05:48 (1316 turns).

psuckher the Sneak (Demonspawn Brigand)             Turns: 1316, Time: 00:05:49

Health: -1/22      AC:  3    Str: 11    XL:     2   Next: 34%
Magic:  2/2        EV: 11    Int: 12    God:
Gold:   39         SH:  0    Dex: 14    Spells: 1/1 levels left

rFire   . . .      SeeInvis .   a - +2 dagger
rCold   . . .      Faith    .   (no shield)
rNeg    . . .      Spirit   .   b - +0 robe
rPois   .          Reflect  .   (no helmet)
rElec   .          Harm     .   c - +0 cloak
rCorr   .          Rampage  .   (no gloves)
Will    .....                   (no boots)
Stlth   +++.......              (no amulet)
HPRegen 0.07/turn               (no ring)
MPRegen 0.08/turn               (no ring)

@: lethally poisoned (-1 -> -4), flying
A: powered by death 1
a: no special abilities


You were on level 2 of the Dungeon.
You visited 1 branch of the dungeon, and saw 2 of its levels.

You collected 39 gold pieces.

Inventory:

Hand Weapons
 a - a +2 dagger (weapon)
 f - a +2 hunting sling of flaming
 n - a +1 dagger of protection
Missiles
 d - 6 poisoned darts (quivered)
 e - 2 curare-tipped darts
Armour
 b - a +0 robe (worn)
 c - a +0 cloak (worn)
 i - a +0 plate armour
Magical Staves
 g - a staff of fire
Scrolls
 h - a scroll of fog {unknown}
 j - a scroll of teleportation {unknown}
 m - a scroll of vulnerability {unknown}


   Skills:
 + Level 2.0 Fighting
 + Level 1.8 Short Blades
 + Level 2.0 Throwing
 + Level 0.9 Dodging
 + Level 4.1 Stealth


You had one spell level left.
You didn't know any spells.
Your spell library was empty.

Dungeon Overview and Level Annotations

Branches:
Dungeon (2/15)

Altars:


Innate Abilities, Weirdness & Mutations

You regenerate a little health from kills.


Message History

You barely miss the adder.
The adder is moderately wounded.
The adder bites you but does no damage.
Throw: 8 darts (poison)
Press: ? - help, Q - select action, (/) - cycle Shift-Dir - straight line, f - kobold
Aim: a kobold, wielding a +0 club (53% to hit)
You throw a poisoned dart.
The poisoned dart closely misses the kobold.
The adder misses you. The kobold hits you with a +0 club.
Throw: 7 darts (poison)
Press: ? - help, Q - select action, (/) - cycle Shift-Dir - straight line, f/p - kobold
Aim: a kobold, wielding a +0 club (53% to hit)
You throw a poisoned dart. The poisoned dart hits the kobold.
The adder closely misses you. The kobold hits you with a +0 club.
The adder closely misses you.
You hit the adder but do no damage.
The adder is moderately wounded.
The kobold closely misses you. The adder bites you.
You hit the adder.
The adder is heavily wounded.
The adder bites you.
* * * LOW HITPOINT WARNING * * *
You are lethally poisoned!
The adder poisons you! The kobold barely misses you.
It was a potion of curing.
You feel better. The adder bites you. The kobold hits you but does no damage.
You hit the adder.
The adder is severely wounded.
The adder bites you.
* * * LOW HITPOINT WARNING * * *
The kobold barely misses you. The adder bites you.
* * * LOW HITPOINT WARNING * * *
You are lethally poisoned!
The adder poisons you!
It was a potion of flight.
You feel very buoyant.
You fly up into the air.
* * * LOW HITPOINT WARNING * * *
You feel sick. The kobold closely misses you. The adder bites you.
You die...

##.......## ##..#
###.........####...##
.'.........+.......##
#.........####.....#
#.......# #.###.#
#.....# #. #.#
#...#######.###.#
#SK......#(....#
#@.#####.#####.# #..#
#.# #.#
#..#####.#####.#
...#...........#
.....###..#######
##....# #..# ##.#.#
#.## ####. .# ##


You could see an adder and a kobold.

Vanquished Creatures
  3 endoplasms
  A giant cockroach (D:1)
  3 goblins (D:1)
  A hobgoblin (D:1)
  2 ball pythons
  3 kobolds
  2 rats (D:1)
15 creatures vanquished.

Notes
Turn   | Place    | Note
-------+----------+-------------------------------------------
     0 | D:1      | psuckher the Demonspawn Brigand began the quest for the
                  | Orb.
     0 | D:1      | Reached XP level 1. HP: 16/16 MP: 1/1
   224 | D:1      | Reached skill level 4 in Stealth
   363 | D:1      | Gained mutation: You regenerate a little health from kills.
                  | [demonic ancestry]
   363 | D:1      | Reached XP level 2. HP: 19/22 MP: 2/2
  1316 | D:2      | Slain by an adder

Illustrated notes

Levels and vault maps discovered:
D:1:      amcnicky_arrival_underground_garden, layout_loops_corners,
          nicolae_concentric_dashed_squares_wild
D:2:      layout_loops_corners, hellmonk_ecumenical_altar_inner_sanctum,
          serial_shops, nicolae_shop_behind_doors, minmay_misc_feat_doors

Skill      XL: |  1 |
---------------+----+-----
Stealth        | 4 |  4.1
Throwing       | 2 |  2.0
Fighting       | |  2.0
Short Blades   | |  1.8
Dodging        | |  0.9

Action                   || total
-------------------------++-------
Melee: Dagger            ||    36
       Punch             ||     1
Throw: Dart              ||     2
  Use: Potion            ||     2
 Stab: Sleeping          ||     2
Armor: Robe              ||     6
Dodge: Dodged            ||    29

Table legend: (Time is in decaauts)
 A = Elapsed time spent in this place.
 B = Non-inter-level travel time spent in this place.
 C = Inter-level travel time spent in this place.
 D = Time resting spent in this place.
 E = Time spent auto-exploring this place.
 F = Levels seen in this place.
 G = Mean time per level.
                   A        B        C        D        E       F      G
               +--------+--------+--------+--------+--------+-----+--------+
         Total |   1313 |   1226 |     87 |      0 |      0 |   2 |  656.5 |
       Dungeon |   1313 |   1226 |     87 |      0 |      0 |   2 |  656.5 |
               +--------+--------+--------+--------+--------+-----+--------+

Top non-repeatable levels by time:
     D:1: 1173 daAuts
     D:2: 139 daAuts
